 Dungeon Crawl Stone Soup version 0.19.1 (webtiles) character file.

1582 Jerry the Slasher (level 8, -4/58 HPs)
             Began as a Demonspawn Berserker on Dec 25, 2016.
             Was a Priest of Trog.
             Slain by an eight-headed hydra (10 damage)
             ... on level 6 of the Dungeon.
             The game lasted 00:12:38 (5754 turns).

Jerry the Slasher (Demonspawn Berserker)            Turns: 5754, Time: 00:12:38

Health: -4/58      AC: 14    Str: 19    XL:     8   Next: 60%
Magic:  0/8        EV: 11    Int:  9    God:    Trog [***...]
Gold:   247        SH:  0    Dex: 13    Spells: 0 memorised, 7 levels left

rFire  . . .     SeeInvis .     a - +0 falchion
rCold  + . .     Gourm    .     F - +1 scale mail {rC+}
rNeg   . . .     Faith    .     (no shield)
rPois  .         Spirit   +     (no helmet)
rElec  .         Reflect  .     (no cloak)
rCorr  .         Harm     .     (no gloves)
MR     .....                    o - +0 pair of boots
Stlth  +.........               (no amulet)
                                (no ring)
                                e - ring of wizardry

@: no status effects
A: iridescent scales 2, nightstalker 1, magic shield
a: Berserk, Trog's Hand, Burn Spellbooks, Renounce Religion


You were on level 6 of the Dungeon.
You worshipped Trog.
Trog was most pleased with you.
You were not hungry.

You visited 1 branch of the dungeon, and saw 6 of its levels.

You collected 247 gold pieces.

Inventory:

Hand Weapons
 a - a +0 falchion (weapon)
Armour
 b - a +0 buckler
 o - a +0 pair of boots (worn)
 F - a +1 scale mail of cold resistance (worn)
Jewellery
 e - a ring of wizardry (left hand)
Wands
 B - a wand of acid (4/15)
Scrolls
 d - 2 scrolls of teleportation
 h - 2 scrolls of remove curse
 k - a scroll of immolation {unknown}
 l - 2 scrolls of identify
 m - 2 scrolls of enchant weapon {unknown}
 u - a scroll of blinking {unknown}
 y - a scroll of enchant armour {unknown}
 A - 3 scrolls of magic mapping {unknown}
 D - a scroll of random uselessness {unknown}
Potions
 f - a potion of might
 i - a potion of heal wounds
 p - 2 potions of lignification
 q - a potion of agility
 r - a potion of haste
 s - 2 potions of magic
 t - a potion of beneficial mutation {unknown}
 v - a potion of curing {unknown}
 C - 3 potions of degeneration {unknown}
Books
 w - a book of Changes

   Spells                             Type                      Level
   a - Beastly Appendage              Transmutation                1
   b - Sticks to Snakes               Transmutation                2
   c - Spider Form                    Transmutation/Poison         3
   d - Ice Form                       Ice/Transmutation            4
   e - Blade Hands                    Transmutation                5
   Trog disapproves of the use of such an item.
Comestibles
 c - 5 bread rations
 j - 2 slices of pizza
 n - a meat ration
 x - 3 fruits
 E - 5 chunks of flesh


   Skills:
 - Level 3.0 Fighting
 + Level 7.3 Long Blades
 + Level 7.1 Armour
 - Level 3.0 Dodging


You had 7 spell levels left.
You didn't know any spells.

Dungeon Overview and Level Annotations

Branches:
Dungeon (6/15)             Temple (0/1) D:4

Altars:
Nemelex Xobeh
Vehumet
Zin


Innate Abilities, Weirdness & Mutations

You are mostly covered in iridescent scales. (AC +4)
You are slightly more attuned to the shadows.
When hurt, damage is shared between your health and your magic reserves.


Message History

Trog accepts your kill.
Trog appreciates your killing of a magic user.
Evoking this partially-identified wand wasted a few charges.
The eight-headed hydra bites you but does no damage.
The eight-headed hydra closely misses you.
The eight-headed hydra bites you.
The eight-headed hydra closely misses you.
The eight-headed hydra bites you. The eight-headed hydra bites you! x2
The eight-headed hydra barely misses you.
The eight-headed hydra is no longer covered in acid.
The eight-headed hydra bites you.
The eight-headed hydra barely misses you.
The eight-headed hydra misses you. The eight-headed hydra bites you!
* * * LOW HITPOINT WARNING * * *
The eight-headed hydra bites you.
* * * LOW HITPOINT WARNING * * *
The eight-headed hydra bites you.
* * * LOW HITPOINT WARNING * * *
The eight-headed hydra bites you!
You die...

#...### #.....# #.
#.#.# #.....# ###.
#...#####.....# #...
#.####......### #.##
#.# #.###..# #.# #รท#
#.#....#####o#
####.####.........##.#
#......##......##.##.#
#.##.#@###...>.......#
# #...D.o.....##.####
....#.###.....##.#
#.##.#.# ##...(...# #
....# ###...### ...###
#...# #.## #...#


You could see an eight-headed hydra and an orc warrior.

Vanquished Creatures
  Pikel (D:4)
  Sigmund (D:5)
  Menkaure (D:4)
  A slave (D:4)
  A black bear (D:4)
  A centaur (D:6)
  2 scorpions (D:5)
  A howler monkey (D:6)
  A crimson imp (D:4)
  A bullfrog zombie (D:6)
  2 hounds
  5 orc wizards
  4 worker ants (D:4)
  A hound skeleton (D:4)
  A worker ant zombie (D:5)
  4 adders
  A shadow imp (D:5)
  A worm (D:2)
  3 leopard geckos
  18 orcs
  A ball python (D:2)
  5 giant cockroaches
  9 goblins (D:3)
  10 hobgoblins
  16 jackals
  6 kobolds
  2 quokkas (D:2)
  8 bats
  4 frilled lizards
  4 rats
116 creatures vanquished.

Notes
Turn   | Place    | Note
-------+----------+-------------------------------------------
     0 | D:1      | Jerry the Demonspawn Berserker began the quest for the Orb.
     0 | D:1      | Reached XP level 1. HP: 18/18 MP: 1/1
   534 | D:1      | Gained mutation: You are slightly more attuned to the shadows. [demonic ancestry]
   534 | D:1      | Reached XP level 2. HP: 20/24 MP: 2/2
  1310 | D:2      | Gained mutation: You are partially covered in iridescent scales. (AC +2) [demonic ancestry]
  1310 | D:2      | Reached XP level 3. HP: 27/29 MP: 3/3
  1828 | D:2      | Reached ** piety under Trog
  2550 | D:3      | Found a faded altar of an unknown god.
  2627 | D:3      | Reached XP level 4. HP: 35/35 MP: 4/4
  3289 | D:4      | Reached XP level 5. HP: 38/41 MP: 5/5
  3508 | D:4      | Reached *** piety under Trog
  3551 | D:4      | Found a staircase to the Ecumenical Temple.
  3608 | D:4      | Reached XP level 6. HP: 43/47 MP: 6/6
  3771 | D:4      | Noticed Pikel
  3771 | D:4      | Noticed a slave
  3771 | D:4      | Noticed a slave
  3772 | D:4      | Noticed a slave
  3776 | D:4      | Noticed a slave
  3784 | D:4      | Killed a slave
  3788 | D:4      | Killed Pikel
  3788 | D:4      | Reached skill level 5 in Long Blades
  3788 | D:4      | Reached skill level 5 in Armour
  3788 | D:4      | Gained mutation: You are mostly covered in iridescent scales. (AC +4) [demonic ancestry]
  3788 | D:4      | Reached XP level 7. HP: 28/52 MP: 7/7
  4167 | D:4      | Noticed Menkaure
  4173 | D:4      | Killed Menkaure
  4173 | D:4      | Gained mutation: When hurt, damage is shared between your health and your magic reserves. [demonic ancestry]
  4173 | D:4      | Reached XP level 8. HP: 36/58 MP: 8/8
  4418 | D:5      | Entered Level 5 of the Dungeon
  4425 | D:5      | Found a radiant altar of Vehumet.
  4525 | D:5      | Noticed Sigmund
  4535 | D:5      | Killed Sigmund
  4837 | D:5      | Found a sparkling altar of Nemelex Xobeh.
  4838 | D:5      | Found a glowing silver altar of Zin.
  5723 | D:6      | Noticed an eight-headed hydra
  5754 | D:6      | Slain by an eight-headed hydra

Skill      XL: |  1  2  3  4  5  6  7  8 |
---------------+-------------------------+-----
Armour         | 2 3 4 5 6 7 |  7.1
Dodging        | 2 3 |  3.0
Long Blades    | 3 4 5 6 7 |  7.3
Fighting       | |  3.0

Action                   |  1- 3 |  4- 6 |  7- 9 || total
-------------------------+-------+-------+-------++-------
Melee: Falchion          |   147 |   183 |   148 ||   478
Invok: Berserk           |     2 |     3 |     2 ||     7
       Trog's Hand       |       |     1 |       ||     1
Evoke: Wand              |       |       |     2 ||     2
  Use: Scroll            |       |     7 |     1 ||     8
 Stab: Sleeping          |     6 |       |       ||     6
  Eat: Chunk             |     7 |     6 |    10 ||    23
Armor: Ring mail         |    34 |       |       ||    34
       Scale mail        |    21 |   112 |    79 ||   212
Dodge: Dodged            |   103 |   133 |    94 ||   330
       Rpst.: Falchion   |    41 |    47 |    36 ||   124
